 Dungeon Crawl Stone Soup version 0.29-a0-542-g075992c915 (console) character file.

Game seed: 8006992717392598843

37 Banquo the Covered (level 3, -1/31 HPs)
             Began as a Meteoran Fighter on June 3, 2022.
             Slain by a gnoll
             ... wielding a +0 spear
              (7 damage)
             ... on level 2 of the Dungeon.
             The game lasted 00:01:37 (266 turns).

Banquo the Covered (Meteoran Fighter)                Turns: 266, Time: 00:01:37

Health: -1/31      AC:  8    Str: 19    XL:     3   Next: 85%
Magic:  4/4        EV:  9    Int: 10    God:
Gold:   42         SH:  5    Dex: 13    Spells: 2/2 levels left

rFire   . . .      SeeInvis .   a - +0 war axe
rCold   . . .      Faith    .   c - +0 buckler
rNeg    . . .      Spirit   .   b - +0 scale mail
rPois   .          Reflect  .   e - +0 helmet
rElec   .          Harm     .   (no cloak)
rCorr   +          Rampage  .   (no gloves)
Will    .....                   (no boots)
Stlth   ..........              (no amulet)
HPRegen 0.10/turn               g - ring of resist corrosion
MPRegen 0.09/turn               (no ring)

@: glowing
A: sense surroundings 1, otherworldly, glowing, explore regen
a: no special abilities


You were on level 2 of the Dungeon.
You visited 1 branch of the dungeon, and saw 2 of its levels.

You collected 42 gold pieces.

Inventory:

Hand Weapons
 a - a +0 war axe (weapon)
 h - a +0 spear
Armour
 b - a +0 scale mail (worn)
 c - a +0 buckler (worn)
 e - a +0 helmet (worn)
Jewellery
 g - a ring of resist corrosion (left hand)
Scrolls
 j - a scroll of noise {unknown}
Potions
 d - a potion of might
 f - a potion of lignification {unknown}
 i - 2 potions of curing {unknown}


   Skills:
 + Level 3.6 Fighting
 * Level 3.4 Axes
 + Level 4.1 Armour
 + Level 3.9 Shields


You had 2 spell levels left.
You didn't know any spells.
Your spell library was empty.

Dungeon Overview and Level Annotations

Branches:
Dungeon (2/15)

Altars:


Innate Abilities, Weirdness & Mutations

You passively map a small area around you.
You are easily found by Zot.
You glow in the dark.
You regain HP and MP as you explore.


Message History

The endoplasm is heavily wounded.
The endoplasm hits you but does no damage.
You slash the endoplasm!
You kill the endoplasm!
A goblin comes into view. It is wielding a +0 club.
The gnoll hits you with a +0 club.
You are too injured to fight recklessly!
You are too injured to fight recklessly!
You are too injured to fight recklessly!
You slash the gnoll!
The gnoll is severely wounded.
A gnoll comes into view. It is wielding a +0 spear.
The gnoll hits you but does no damage.
You slash the gnoll!
You kill the gnoll!
You hear a shout!
The gnoll barely misses you. The goblin attacks as you move away!
The goblin hits you but does no damage.
A gnoll comes into view. It is wielding a +0 halberd.
The gnoll shouts!
The gnoll barely misses you.
The gnoll hits you from afar with a +0 halberd.
Things that are here:
a +0 club; a gnoll corpse You barely miss the gnoll.
You closely miss the goblin. The gnoll closely misses you.
You block the goblin's attack. The gnoll hits you but does no damage.
The gnoll hits you from afar with a +0 halberd.
* * * LOW HITPOINT WARNING * * *
The goblin hits you but does no damage. The gnoll hits you with a +0 spear.
* * * LOW HITPOINT WARNING * * *
The gnoll barely misses you. The gnoll hits you with a +0 halberd.
* * * LOW HITPOINT WARNING * * *
Unknown command.
You hit the gnoll.
The gnoll is heavily wounded.
You hit the goblin.
You kill the goblin!
You hit the gnoll but do no damage. The gnoll hits you with a +0 spear!
You die...

........................
, ##.....................
,
,+.........##+#.........
,
..#.............#######<#
.................# ###
#................#
.......#..)....... * ,
,.......###)#.#.... * * ,
,.$.......@g#...... , ,
...##...g..###.##, ,
...........# *... , ,
.........., . , ,
#.........., , , ,,
#...........*
#...........# ,, ,
,............# , , , ,


You could see 2 gnolls.

Vanquished Creatures
  A gnoll (D:2)
  A dart slug (D:1)
  3 endoplasms (D:2)
  A giant cockroach (D:1)
  4 goblins
  3 hobgoblins (D:1)
  3 quokkas (D:1)
  A ball python (D:2)
  3 bats (D:1)
  A frilled lizard (D:1)
  2 rats
23 creatures vanquished.

Notes
Turn   | Place    | Note
-------+----------+-------------------------------------------
     0 | D:1      | Banquo the Meteoran Fighter began the quest for the Orb.
     0 | D:1      | Reached XP level 1. HP: 19/19 MP: 2/2
    69 | D:1      | Reached XP level 2. HP: 23/26 MP: 3/3
   199 | D:1      | Reached XP level 3. HP: 31/31 MP: 4/4
   214 | D:1      | Reached skill level 4 in Armour
   266 | D:2      | Slain by a gnoll

Illustrated notes

Levels and vault maps discovered:
D:1:      giann_forest_graveyard, layout_basic, serial_shops,
          nicolae_shop_behind_doors, basic_ecumenical_altar
D:2:      layout_basic, minmay_tree_intersection

Skill      XL: |  1  2  3 |
---------------+----------+-----
Axes           | 3 |  3.4
Armour         | 4 |  4.1
Fighting       | |  3.6
Shields        | |  3.9

Action                   || total
-------------------------++-------
Melee: War axe           ||    47
Armor: Scale mail        ||    24
Dodge: Dodged            ||    19
Block: Buckler           ||    13

Table legend: (Time is in decaauts)
 A = Elapsed time spent in this place.
 B = Non-inter-level travel time spent in this place.
 C = Inter-level travel time spent in this place.
 D = Time resting spent in this place.
 E = Time spent auto-exploring this place.
 F = Levels seen in this place.
 G = Mean time per level.
                   A        B        C        D        E       F      G
               +--------+--------+--------+--------+--------+-----+--------+
         Total |    284 |    284 |      0 |      0 |     69 |   2 |  142.0 |
       Dungeon |    284 |    284 |      0 |      0 |     69 |   2 |  142.0 |
               +--------+--------+--------+--------+--------+-----+--------+

Top non-repeatable levels by time:
     D:1: 231 daAuts
     D:2: 53 daAuts
